 Dungeon Crawl Stone Soup version 0.26.1-15-g04117e645d (webtiles) character file.

Game seed: 12910979998033132906

10670 Froggeryz the Grappler (level 11, -1/84 HPs)
             Began as a Demonspawn Gladiator on Apr 16, 2022.
             Was a High Priest of Okawaru.
             Slain by a six-headed hydra (7 damage)
             ... on level 1 of the Lair of Beasts.
             The game lasted 00:16:20 (12376 turns).

Froggeryz the Grappler (Demonspawn Gladiator)      Turns: 12376, Time: 00:16:20

Health: -1/84      AC:  7    Str: 18    XL:     11   Next: 39%
Magic:  17/17      EV: 17    Int:  9    God:    Okawaru [*****.]
Gold:   629        SH:  0    Dex: 15    Spells: 17/18 levels left

rFire    . . .     SeeInvis +     - Unarmed
rCold    . . .     Faith    .   (no shield)
rNeg     + . .     Spirit   .   P - +0 troll leather armour
rPois    .         Reflect  .   (helmet restricted)
rElec    .         Harm     .   O - +0 cloak (curse)
rCorr    .         Rampage  .   (gloves unavailable)
Will     .....                  f - +1 pair of boots
Stlth    +.........             g - amulet of regeneration
HPRegen  1.04/turn              n - ring of positive energy
MPRegen  0.15/turn              v - ring of see invisible

@: no status effects
A: antennae 2, claws 3, talons 2, demonic guardian 1
a: Renounce Religion, Heroism, Finesse


You were on level 1 of the Lair of Beasts.
You worshipped Okawaru.
Okawaru was extremely pleased with you.
You visited 3 branches of the dungeon, and saw 11 of its levels.
You also visited: Ossuary.

You collected 725 gold pieces.
You spent 96 gold pieces at shops.

Inventory:

Missiles
 d - 3 throwing nets
 h - 31 poisoned darts (quivered)
 i - 8 silver javelins
 x - 8 boomerangs
Armour
 f - a +1 pair of boots (worn)
 A - a +2 robe of willpower
 O - a cursed +0 cloak (worn)
 P - a +0 troll leather armour (worn)
Jewellery
 g - an amulet of regeneration (around neck)
 n - a ring of positive energy (left claw)
 q - an uncursed amulet of reflection
 v - a ring of see invisible (right claw)
 D - an uncursed ring of fire
Wands
 u - a wand of polymorph (6)
 y - a wand of iceblast (22)
 B - a wand of disintegration (1)
 L - a wand of digging (5)
Scrolls
 a - 2 scrolls of enchant weapon
 c - a scroll of fog
 e - a scroll of silence {unknown}
 j - 2 scrolls of enchant armour
 k - 2 scrolls of teleportation
 o - a scroll of random uselessness {unknown}
 s - 6 scrolls of remove curse
 C - 4 scrolls of torment
 G - a scroll of amnesia
 H - a scroll of fear {unknown}
 J - 2 scrolls of magic mapping
 K - 6 scrolls of identify
 M - a scroll of blinking {unknown}
 N - 3 scrolls of immolation
Potions
 b - 2 potions of mutation {unknown}
 l - a potion of haste
 m - 2 potions of flight {unknown}
 p - 3 potions of degeneration {unknown}
 r - 2 potions of lignification {unknown}
 t - a potion of magic {unknown}
 w - 3 potions of resistance
 E - a potion of attraction {unknown}
 F - 2 potions of heal wounds
 I - a potion of curing
 Q - a potion of might


   Skills:
 + Level 7.2 Fighting
 - Level 3.3 Axes
 - Level 1.7 Throwing
 + Level 8.3 Dodging
 * Level 12.0 Unarmed Combat
 - Level 4.0 Spellcasting
 + Level 1.2 Translocations


You had 17 spell levels left.
You knew the following spells:

 Your Spells              Type           Power        Failure   Level
a - Apportation           Tloc           8%           21%         1

Your spell library contained the following spells:

 Spells                   Type           Power        Failure   Level
 Animate Skeleton         Necr           2%           32%         1
 Corona                   Hex            1%           32%         1
 Summon Small Mammal      Summ           4%           32%         1
 Call Imp                 Summ           1%           43%         2
 Call Canine Familiar     Summ           1%           67%         3
 Summon Guardian Golem    Hex/Summ       1%           67%         3
 Summon Ice Beast         Ice/Summ       1%           97%         4
 Summon Lightning Spire   Summ/Air       1%           97%         4


Dungeon Overview and Level Annotations

Branches:
Dungeon (9/15)             Temple (1/1) D:6            Lair (1/6) D:9
Ossuary (visited)
    Orc: D:9-12

Altars:
Ashenzari
Cheibriados
Dithmenos
Elyvilon
Fedhas
Gozag
Hepliaklqana
Kikubaaqudgha
Makhleb
Nemelex Xobeh
Okawaru
Qazlal
Ru
Sif Muna
Trog
Uskayaw
Vehumet
Wu Jian
Xom
Yredelemnul
Zin
The Shining One

Shops:
D:8 *

Annotations:
D:3 2 transporters
D:5 2 runed translucent doors


Innate Abilities, Weirdness & Mutations

You have a pair of antennae on your head.
You have claws for hands.
You have razor-sharp toenails.
A weak demonic guardian rushes to your aid.


Message History

Press: ? - help, Shift-Dir - straight line, p - six-headed hydra The mass of ice explodes!
The iceblast engulfs the six-headed hydra!
The six-headed hydra is almost dead.
The six-headed hydra bites you! x4; The six-headed hydra barely misses you.
The six-headed hydra bites you.
* * * LOW HITPOINT WARNING * * *
You swap places.
Your iron imp barely misses the six-headed hydra.
Your iron imp hits the six-headed hydra.
The six-headed hydra closely misses you.
The six-headed hydra bites you.
* * * LOW HITPOINT WARNING * * *
The six-headed hydra bites you.
* * * LOW HITPOINT WARNING * * *
The six-headed hydra bites you!
* * * LOW HITPOINT WARNING * * *
The six-headed hydra bites you but does no damage.
The six-headed hydra bites you!
You die...

.....#....#.....###.####.....###.
................##.#####.....# ##
.....+....#.....##....#.....D####
.....#....#.....##....##......##.
.....#....#.....##....P#.....+...
......>..........'....##......###
.....##+.#P.....########.....## #
..†...........5.##.####......####
............YY.D@................
.................................
#####P#P#.#.##..#########..#####.
# ############# ### ##


You could see a six-headed hydra, a yak, a friendly yak (charmed) and a friendly
iron imp (summoned).

Vanquished Creatures
  A hydra (Lair:1)
  A two-headed ogre (D:8)
  A cane toad (Lair:1)
  Pikel (D:4)
  Maurice (D:9)
  A komodo dragon (Lair:1)
  A troll (D:9)
  A polar bear (Lair:1)
  Sigmund (D:3)
  9 yaks
  3 water moccasins
  3 soldier ants (D:5)
  2 orc warriors
  5 ice beasts
  7 ogres
  A phantom (D:4)
  11 wolves
  A centaur (D:7)
  Blork the orc (D:5)
  5 bullfrogs
  A wyvern skeleton (D:6)
  3 scorpions
  2 killer bees
  10 wights
  A howler monkey (D:7)
  A bullfrog zombie (D:5)
  7 hounds
  5 orc priests
  2 jellies
  2 bullfrog skeletons
  4 iguanas
  11 worker ants
  13 orc wizards
  A hound zombie (D:8)
  2 hound skeletons
  8 mummies (Ossuary)
  A worker ant zombie (D:6)
  13 gnolls
  21 adders
  A shadow imp (D:4)
  An ooze (D:1)
  An adder zombie (D:8)
  4 worms
  2 dart slugs
  12 leopard geckos
  32 orcs
  4 ball pythons
  11 giant cockroaches
  3 gnoll zombies (Ossuary)
  4 goblins
  10 hobgoblins
  13 jackals
  2 quokkas
  9 bats
  5 frilled lizards
  A hobgoblin zombie (Ossuary)
  6 kobolds
  A kobold zombie (Ossuary)
  3 orc zombies (Ossuary)
  2 quokka zombies
  8 rats
300 creatures vanquished.

Vanquished Creatures (collateral kills)
  A hydra (Lair:1)
1 creature vanquished.

Vanquished Creatures (others)
  A blink frog (Lair:1)
  2 fungi (Lair:1)
  A plant (Lair:1)
4 creatures vanquished.

Grand Total: 305 creatures vanquished

Notes
Turn   | Place    | Note
-------+----------+-------------------------------------------
     0 | D:1      | Froggeryz the Demonspawn Gladiator began the quest for the
                  | Orb.
     0 | D:1      | Reached XP level 1. HP: 16/16 MP: 1/1
   133 | D:1      | Gained mutation: You have sharp fingernails. [demonic
                  | ancestry]
   133 | D:1      | Reached XP level 2. HP: 21/22 MP: 2/2
   218 | D:1      | Reached skill level 1 in Unarmed Combat
  1134 | D:2      | Gained mutation: You have very sharp fingernails. [demonic
                  | ancestry]
  1134 | D:2      | Reached XP level 3. HP: 18/27 MP: 3/3
  1756 | D:2      | Reached skill level 2 in Unarmed Combat
  2141 | D:3      | Reached XP level 4. HP: 33/33 MP: 4/4
  2229 | D:3      | Reached skill level 3 in Unarmed Combat
  2309 | D:3      | Found a transporter.
  2389 | D:3      | Noticed Sigmund
  2414 | D:3      | Found a transporter.
  2684 | D:3      | Killed Sigmund
  2685 | D:3      | Reached skill level 5 in Unarmed Combat
  2685 | D:3      | Gained mutation: You have claws for hands. [demonic
                  | ancestry]
  2685 | D:3      | Reached XP level 5. HP: 38/38 MP: 5/5
  2685 | D:3      | Gained mutation: You have sharp toenails. [demonic
                  | ancestry]
  2685 | D:3      | Reached XP level 6. HP: 44/44 MP: 6/6
  3679 | D:4      | Found an opulent altar of Gozag.
  3714 | D:4      | Reached skill level 6 in Unarmed Combat
  3714 | D:4      | Gained mutation: You have razor-sharp toenails. [demonic
                  | ancestry]
  3714 | D:4      | Reached XP level 7. HP: 37/50 MP: 7/7
  3882 | D:4      | Noticed Eustachio
  4243 | D:4      | Noticed Eustachio
  4243 | D:4      | Eustachio changed into Eustachio the killer bee
  4248 | D:4      | Killed Eustachio the killer bee
  4866 | D:4      | Noticed Pikel
  4880 | D:4      | Killed Pikel
  4881 | D:4      | Reached skill level 7 in Unarmed Combat
  4881 | D:4      | Gained mutation: You have a pair of small antennae on your
                  | head. [demonic ancestry]
  4881 | D:4      | Reached XP level 8. HP: 16/56 MP: 8/8
  5327 | D:5      | Entered Level 5 of the Dungeon
  5452 | D:5      | Found a runed translucent door.
  5503 | D:5      | Reached skill level 5 in Dodging
  5503 | D:5      | Reached skill level 8 in Unarmed Combat
  5529 | D:5      | Found the +9 staff of Olgreb {rPois∞}
  5553 | D:5      | Found a runed translucent gate.
  5553 | D:5      | Found a runed translucent gate.
  5554 | D:5      | Found a runed translucent door.
  5564 | D:5      | Found a runed translucent gate.
  6146 | D:5      | Found an iron altar of Okawaru.
  6418 | D:5      | Reached skill level 9 in Unarmed Combat
  6418 | D:5      | Gained mutation: You have a pair of antennae on your head.
                  | [demonic ancestry]
  6418 | D:5      | Reached XP level 9. HP: 46/63 MP: 9/9
  6601 | D:6      | Found a white marble altar of Elyvilon.
  6769 | D:6      | Found a glowing golden altar of the Shining One.
  6834 | D:6      | Noticed Blork the orc
  7037 | D:5      | Killed Blork the orc
  7115 | D:6      | Found a staircase to the Ecumenical Temple.
  7130 | Temple   | Entered the Ecumenical Temple
  7296 | D:5      | Became a worshipper of Warmaster Okawaru
  7773 | D:7      | Found a sacrificial altar of Ru.
  7779 | D:7      | Reached skill level 10 in Unarmed Combat
  8040 | D:7      | Found a sand-covered staircase.
  8045 | Ossuary  | Entered an ossuary
  8407 | D:7      | Found a broken altar of Ashenzari.
  8462 | D:7      | Reached * piety under Okawaru
  8463 | D:7      | Reached skill level 5 in Fighting
  8777 | D:8      | Reached XP level 10. HP: 74/74 MP: 10/10
  8779 | D:8      | Learned a level 1 spell: Apportation
  8944 | D:8      | Noticed a two-headed ogre
  9242 | D:8      | Killed a two-headed ogre
  9243 | D:8      | Reached skill level 1 in Spellcasting
  9532 | D:8      | Found Nopov's Assorted Antiques.
  9542 | D:8      | Reached ** piety under Okawaru
  9871 | D:8      | Reached skill level 11 in Unarmed Combat
  9918 | D:8      | Bought a glowing silver wand for 96 gold pieces
 10141 | D:8      | Found a bloodstained altar of Trog.
 10144 | D:8      | Found a sparkling altar of Nemelex Xobeh.
 10149 | D:8      | Found a stormy altar of Qazlal.
 10320 | D:9      | Noticed Maurice
 10335 | D:9      | Killed Maurice
 10335 | D:9      | Reached *** piety under Okawaru
 10461 | D:9      | Found a staircase to the Lair.
 10671 | D:9      | Found a bloodstained altar of Trog.
 10777 | D:9      | Reached **** piety under Okawaru
 11090 | D:9      | Gained mutation: A weak demonic guardian rushes to your
                  | aid. [demonic ancestry]
 11090 | D:9      | Reached XP level 11. HP: 77/78 MP: 16/16
 11611 | Lair:1   | Entered Level 1 of the Lair of Beasts
 11755 | Lair:1   | Noticed a four-headed hydra
 11782 | Lair:1   | Killed a four-headed hydra
 11816 | Lair:1   | Killed a cane toad
 11994 | Lair:1   | Noticed a six-headed hydra
 12155 | Lair:1   | Killed a six-headed hydra
 12155 | Lair:1   | Reached ***** piety under Okawaru
 12202 | Lair:1   | Reached skill level 12 in Unarmed Combat
 12202 | Lair:1   | Reached skill level 1 in Translocations
 12330 | Lair:1   | Noticed a six-headed hydra
 12376 | Lair:1   | Slain by a six-headed hydra

Illustrated notes

Levels and vault maps discovered:
D:1:      onia_arrival_pyramid, layout_basic
D:2:      layout_basic, minmay_pentomino_s4
D:3:      gammafunk_wand_slinger, layout_basic, uniq_sigmund
D:4:      layout_basic, nicolae_gozag_cash_rules_everything_around_me,
          uniq_pikel, uniq_eustachio
D:5:      layout_loops_corners, kennysheep_little_box,
          minmay_guarded_unrand_staff_of_olgreb
D:6:      layout_basic, elyvilon_altar_5, nicolae_tso_carved_into_rock,
          minmay_temple_entry_slanted, uniq_blork_the_orc
D:7:      layout_basic, nicolae_ru_awakened_eye, ashenzari_altar_1,
          nicolae_ossuary_entry_ruins
D:8:      minmay_razor_zed, layout_basic, grunt_temple_overflow_diamond,
          serial_shops, shop
D:9:      layout_layer_cave, erik_lair_island, basic_altar,
          hangedman_abyss_or_decor_lesser_grid, grunt_ministairs_7, uniq_maurice
Temple:   nicolae_temple_great_sept
Lair:1:   layout_regular_city, grunt_megastairs_3

Skill      XL: |  1  2  3  4  5  6  7  8  9 10 11 |
---------------+----------------------------------+-----
Axes           | 3 |  3.3
Unarmed Combat | 1 2 5 6 7 9 10 11 12 | 12.0
Dodging        | 3 4 5 6 7 8 |  8.3
Fighting       | 3 5 6 7 |  7.2
Spellcasting   | 3 4 |  4.0
Translocations | 1 |  1.2
Throwing       | |  1.7

Action                   |  1- 3 |  4- 6 |  7- 9 | 10-12 || total
-------------------------+-------+-------+-------+-------++-------
Melee: War axe           |   136 |    15 |       |       ||   151
       Punch             |     3 |     3 |    18 |    16 ||    40
       Unarmed           |       |   108 |   418 |   297 ||   823
       Kick              |       |    20 |    22 |       ||    42
Evoke: Wand              |       |       |     1 |    24 ||    25
  Use: Scroll            |       |     2 |    12 |       ||    14
       Potion            |       |     2 |     4 |       ||     6
 Stab: Sleeping          |     1 |       |     3 |     1 ||     5
Armor: Leather armour    |    44 |    35 |     6 |       ||    85
       Robe              |       |       |    47 |    25 ||    72
       Troll leather arm |       |       |       |    17 ||    17
Dodge: Dodged            |   106 |    76 |   268 |   240 ||   690
Block: Other             |    14 |    29 |    17 |       ||    60
       Reflection        |       |       |     3 |       ||     3
